AoeStats
← AgusCasla97

Arena

509705578Analyzed
1v1 RM · 5d ago on Sep 27, 2026· 81m 22s· 2 players
Game mode
Random Map
Map size
Tiny (2 player)
Population
200
Speed
Normal
Resources
Standard
Victory
Conquest
Starting age
Dark Age
Ending age
Imperial Age
RankedLock teamsTeams togetherTeam positionsShared explorationLock speedFull tech treeHidden civsTurbo modeCheats
Victory
Defeat
🇮🇪 Franks · Ireland
802
+29
🇺🇸 Teutons · United States
812
-16
Count Dracula
1:27 Loom
9:55 Feudal Age
16:55 Castle Age
22:22 Wheelbarrow
21:48 Double-Bit Axe
21:27 Elite Skirmisher
23:57 Hand Cart
36:01 Imperial Age
34:56 Gold Mining
34:57 Stone Mining
35:20 Bow Saw
35:41 Fletching
35:52 Padded Archer Armor
38:19 Chemistry
37:17 Pikeman
37:57 Squires
38:54 Leather Archer Armor
38:35 Bodkin Arrow
40:25 Cavalier
40:31 Halberdier
41:59 Forging
41:49 Scale Mail Armor
42:14 Ballistics
41:50 Murder Holes
42:06 Fortified Wall
46:33 Paladin
AgusCasla97
10:47 Feudal Age
15:24 Castle Age
14:28 Double-Bit Axe
20:27 Loom
22:48 Wheelbarrow
26:59 Hand Cart
27:27 Bow Saw
27:53 Fletching
29:05 Gold Mining
29:31 Town Watch
33:35 Imperial Age
33:14 Bloodlines
33:15 Scale Barding Armor
33:23 Forging
33:28 Masonry
33:54 Bodkin Arrow
33:42 Heavy Scorpion
34:32 Horse Collar
36:57 Chain Barding Armor
37:13 Iron Casting
37:43 Chemistry
36:44 Cavalier
37:44 Heavy Plow
41:36 Siege Engineers
41:52 Ballistics
42:39 Plate Barding Armor
43:13 Blast Furnace
55:07 Capped Ram
56:26 Paladin
56:46 Elite Teutonic Knight
59:39 Crop Rotation
60:13 Two-Man Saw
66:17 Scale Mail Armor
67:44 Chain Mail Armor
76:52 Elite Skirmisher
77:47 Padded Archer Armor
79:10 Leather Archer Armor
Connection lost

Rejoining the realm…

Still unreachable

The connection could not be restored.

Session expired

The server has moved on; the page needs a fresh start.